 Dungeon Crawl Stone Soup version 0.32-a0-768-g0f6f1dd4b9 (webtiles) character file.

Game seed: 15913623645324523647

11290 Dittersdorf the Blocker (level 11, -1/109 HPs)
             Began as a Gargoyle Fighter on Mar 18, 2024.
             Was an Initiate of Gozag.
             Slain by a black mamba (11 damage)
             ... on level 10 of the Dungeon.
             The game lasted 00:11:34 (11823 turns).

Dittersdorf the Blocker (Gargoyle Fighter)         Turns: 11823, Time: 00:11:34

Health: -1/109     AC: 27    Str: 25    XL:     11   Next: 75%
Magic:  14/20      EV:  9    Int:  8    God:    Gozag
Gold:   2099       SH:  6    Dex:  9    Spells: 10/10 levels left

rFire   . . .        b - +4 morningstar
rCold   . . .        s - +0 buckler {AC+3}
rNeg    + + .        y - +3 scale mail "Olenim" {+Inv rPois MP+9 Stlth-}
rPois   ∞            (no helmet)
rElec   +            n - scarf {repulsion}
rCorr   .            u - +2 pair of gloves {infuse}
SInv    .            i - +0 pair of boots
Will    .....        (no amulet) Stlth
                     g - ring of positive energy
HPRegen 0.38/turn    (no ring)
MPRegen 0.17/turn

%: repel missiles, infuse magic (1 MP)
@: berserking, gold aura, studying Throwing, very quick
A: sickness immunity, AC +8, negative energy resistance 1, electricity
resistance, torment resistance 1, petrification resistance
a: Renounce Religion, Evoke Invisibility, Potion Petition, Call Merchant, Bribe
Branch


You were on level 10 of the Dungeon.
You worshipped Gozag.
Gozag was most pleased with you.
You visited 3 branches of the dungeon, and saw 12 of its levels.

You collected 2380 gold pieces.
You spent 171 gold pieces at shops.
You paid 110 gold pieces to Gozag.

Inventory:

Hand Weapons
 b - a +4 morningstar (weapon)
Armour
 i - a +0 pair of boots (worn)
 n - a scarf of repulsion (worn)
 s - a +0 buckler of protection (worn)
 u - a +2 pair of gloves of infusion (worn)
 y - the +3 scale mail "Olenim" (worn) {+Inv rPois MP+9 Stlth-}
   (You bought it in a shop on level 1 of the Dungeon)

   rPois:     It protects you from poison.
   MP+9:      It affects your magic capacity (+9).
   +Inv:      It lets you turn invisible.
   Stlth-:    It makes you less stealthy.
Jewellery
 g - a ring of positive energy (left hand)
 A - a ring of fire
Wands
 a - a wand of flame (10) (quivered)
Scrolls
 e - 2 scrolls of blinking
 h - a scroll of enchant armour
 m - 2 scrolls of teleportation
 o - 3 scrolls of enchant weapon
 r - a scroll of revelation
Potions
 d - 2 potions of might
 f - a potion of mutation
 j - a potion of berserk rage
 k - a potion of haste
 l - a potion of cancellation
 p - 2 potions of curing {unknown}
 q - 5 potions of enlightenment
 w - a potion of heal wounds


   Skills:
 + Level 10.6 Fighting
 + Level 9.5 Maces & Flails
 + Level 10.6 Armour
 + Level 10.7 Shields


You had 10 spell levels left.
You didn't know any spells.
Your spell library contained the following spells:

 Spells                   Type           Power      Damage    Failure   Level
 Blink                    Tloc           0%         N/A       83%         2
 Lesser Beckoning         Tloc           0%         N/A       83%         2
 Momentum Strike          Conj/Tloc      0%         3d8       83%         2


Dungeon Overview and Level Annotations

Branches:
Dungeon (10/15)            Temple (1/1) D:5            Lair (1/5) D:10
    Orc (0/2) D:9

Altars:
Ashenzari
Cheibriados
Dithmenos
Elyvilon
Fedhas
Gozag
Hepliaklqana
Kikubaaqudgha
Makhleb
Nemelex Xobeh
Okawaru
Qazlal
Ru
Sif Muna
Trog
Uskayaw
Vehumet
Wu Jian
Xom
Yredelemnul
Zin
The Shining One

Shops:
D:1 [

Annotations:
D:5 3 runed translucent doors, Biggs's ghost, novice TrFi; gimp's ghost, novice CoWn
D:9 4 transporters


Innate Abilities, Weirdness & Mutations

You are immune to sickness and miasma.
Your stone body is resilient. (AC +8)
You are immune to poison.
You resist negative energy. (rN+)
You are resistant to electric shocks. (rElec)
You are resistant to unholy torment.
You are immune to petrification.


Message History

You hit the torpor snail but do no damage.
The torpor snail is almost dead.
The black mamba bites you but does no damage. x2
The yak gores you but does no damage. You block the torpor snail's attack.
The black mamba barely misses you. The yak gores you but does no damage.
You hit the torpor snail.
You kill the torpor snail!
You feel yourself speed up.
The black mamba bites you but does no damage.
The black mamba bites you. You block the yak's attack.
The black mamba bites you!
* * * LOW HITPOINT WARNING * * *
You miss the black mamba. You block the black mamba's attack.
The yak gores you.
* * * LOW HITPOINT WARNING * * *
The black mamba bites you but does no damage.
You closely miss the black mamba.
The black mamba bites you but does no damage.
The yak gores you but does no damage. You block the black mamba's attack.
The yak attacks as it pursues you! The yak barely misses you.
You feel much better. You block the black mamba's attack.
The yak gores you but does no damage. The black mamba bites you.
* * * LOW HITPOINT WARNING * * *
A red film seems to cover your vision as you go berserk!
You feel yourself moving faster!
You feel mighty! The black mamba bites you!
* * * LOW HITPOINT WARNING * * *
You block the yak's attack. The black mamba closely misses you.
You thump the yak!
The yak is moderately wounded.
You block the black mamba's attack. You block the yak's attack.
You barely miss the yak.
The yak is moderately wounded.
The black mamba bites you.
* * * LOW HITPOINT WARNING * * *
The yak gores you but does no damage.
You hit the yak.
The yak is heavily wounded.
The black mamba bites you!
You die...
Your body crumbles into a pile of gold. ########### ##PPPPPPPPP## #PP@YPPPPPPP##

### #PP.S..PPPPP.###
#..
#PPP...PPP.....###..
#PPPP..P.....#......
#PP.PP......#...##..
##.P.......#######..
###.....#### #..
###......# #..
##.....# #..


You could see a black mamba and a yak.

Vanquished Creatures
  4 two-headed ogres
  A torpor snail (D:10)
  A komodo dragon (D:10)
  2 trolls
  A hornet (D:8)
  Sigmund (D:5)
  A shadow (D:10)
  4 steam dragons
  22 yaks
  Menkaure (D:5)
  2 acid dragons
  2 water moccasins
  Duvessa (D:4)
  2 sky beasts
  2 black bears
  4 orc warriors (D:9)
  3 ogres
  A kobold brigand (D:8)
  A phantom (Temple)
  2 gnoll sergeants
  5 bullfrogs
  2 scorpions (D:6)
  7 wights (D:8)
  Dowan (D:4)
  2 howler monkeys (D:9)
  2 jellies
  3 bombardier beetles
  3 orc priests
  5 hounds
  3 iguanas
  3 sleepcaps (D:6)
  Natasha (thrice) (D:4)
  3 orc wizards
  6 gnolls
  12 adders
  2 white imps
  4 ufetubi
  A ribbon worm (D:3)
  18 orcs
  15 ball pythons
  7 bats
  8 endoplasms
  2 giant cockroaches (D:4)
  3 goblins
  6 hobgoblins
  6 jackals
  10 kobolds
  7 quokkas
  2 frilled lizards
  3 rats (D:2)
212 creatures vanquished.

Vanquished Creatures (others)
  An orc wizard (D:9)
1 creature vanquished.

Grand Total: 213 creatures vanquished

Notes
Turn   | Place    | Note
-------+----------+-------------------------------------------
     0 | D:1      | Dittersdorf the Gargoyle Fighter began the quest for the
                  | Orb.
     0 | D:1      | Reached XP level 1. HP: 14/14 MP: 1/1
   157 | D:1      | Reached XP level 2. HP: 19/19 MP: 2/2
   811 | D:1      | Found Hidog's Antique Armour Emporium.
  1066 | D:2      | Reached XP level 3. HP: 24/24 MP: 3/3
  1260 | D:2      | Reached XP level 4. HP: 29/29 MP: 4/4
  1618 | D:3      | Found a white marble altar of Elyvilon.
  1666 | D:3      | Reached XP level 5. HP: 26/33 MP: 5/5
  1781 | D:3      | Found a sparkling altar of Nemelex Xobeh.
  1832 | D:3      | Found a bloodstained altar of Trog.
  2054 | D:3      | Found a faded altar of an unknown god.
  2268 | D:4      | Noticed Natasha
  2285 | D:4      | Killed Natasha
  2383 | D:4      | Noticed Natasha
  2407 | D:4      | Killed Natasha
  2418 | D:4      | Noticed an ogre
  2527 | D:4      | Noticed an ogre
  2532 | D:3      | Reached XP level 6. HP: 35/39 MP: 6/6
  2631 | D:4      | Found an ancient bone altar of Kikubaaqudgha.
  2634 | D:4      | Noticed a black bear
  2635 | D:4      | Found a radiant altar of Vehumet.
  2660 | D:4      | Killed a black bear
  2716 | D:4      | Found a shadowy altar of Dithmenos.
  2720 | D:4      | Found a glowing silver altar of Zin.
  2789 | D:4      | Reached skill level 5 in Fighting
  2789 | D:4      | Reached skill level 5 in Shields
  2857 | D:4      | Reached skill level 5 in Armour
  2957 | D:4      | Noticed Duvessa
  2958 | D:4      | Noticed Dowan
  2966 | D:4      | Killed Duvessa
  2967 | D:4      | Reached XP level 7. HP: 44/44 MP: 4/7
  2972 | D:4      | Killed Dowan
  3066 | D:4      | Noticed Natasha
  3076 | D:4      | Killed Natasha
  3449 | D:1      | Bought a twisted scale mail for 171 gold pieces
  3449 | D:1      | Identified the +3 scale mail "Olenim" {+Inv rPois MP+9
                  | Stlth-} (You bought it in a shop on level 1 of the Dungeon)
  3527 | D:5      | Entered Level 5 of the Dungeon
  3546 | D:5      | Found a staircase to the Ecumenical Temple.
  3557 | Temple   | Entered the Ecumenical Temple
  3684 | D:5      | Reached XP level 8. HP: 51/51 MP: 8/8
  3878 | D:5      | Noticed Menkaure
  3885 | D:5      | Killed Menkaure
  3886 | D:5      | Reached skill level 5 in Maces & Flails
  4480 | D:5      | Found a runed translucent gate.
  4480 | D:5      | Found a runed translucent gate.
  4481 | D:5      | Found a runed translucent gate.
  4482 | D:5      | Noticed gimp's ghost (novice CoWn)
  4483 | D:5      | Noticed Biggs's ghost (novice TrFi)
  4554 | D:5      | Found a burning altar of Makhleb.
  4554 | D:5      | Noticed a cacodemon
  4663 | D:5      | Noticed Sigmund
  4674 | D:5      | Killed Sigmund
  4686 | D:5      | Found a shimmering altar of Xom.
  4757 | D:5      | Reached XP level 9. HP: 48/56 MP: 9/9
  5343 | D:6      | Identified a scroll of acquirement
  5343 | D:6      | Acquired 760 gold pieces
  5532 | D:6      | Found a blossoming altar of Fedhas.
  5615 | D:6      | Found an opulent altar of Gozag.
  5621 | D:6      | Became a worshipper of Gozag Ym Sagoz the Greedy
  6389 | D:7      | Found a glowing golden altar of the Shining One.
  7126 | D:8      | Noticed a hornet
  7137 | D:8      | Killed a hornet
  7252 | D:8      | Reached XP level 10. HP: 53/64 MP: 10/10
  8660 | D:9      | Found a hide-covered altar of Uskayaw.
  9013 | D:9      | Found a transporter.
  9015 | D:9      | Found a transporter.
  9017 | D:9      | Found a transporter.
  9239 | D:9      | Found a transporter.
  9297 | D:9      | Found a staircase to the Orcish Mines.
  9701 | D:9      | Found a stormy altar of Qazlal.
  9701 | D:9      | Noticed a two-headed ogre
  9709 | D:9      | Killed a two-headed ogre
  9710 | D:9      | Reached XP level 11. HP: 72/72 MP: 11/11
  9779 | D:9      | Noticed a two-headed ogre
  9786 | D:9      | Killed a two-headed ogre
 10141 | D:9      | Reached skill level 10 in Shields
 10330 | D:10     | Entered Level 10 of the Dungeon
 10364 | D:10     | Reached skill level 10 in Armour
 10368 | D:10     | Reached skill level 10 in Fighting
 10787 | D:10     | Noticed a two-headed ogre
 10797 | D:10     | Killed a two-headed ogre
 11016 | D:10     | Noticed a two-headed ogre
 11027 | D:10     | Killed a two-headed ogre
 11452 | D:10     | Found a staircase to the Lair.
 11766 | Lair:1   | Entered Level 1 of the Lair of Beasts
 11823 | D:10     | Slain by a black mamba

Illustrated notes

Levels and vault maps discovered:
D:1:      sevenhm_arrival_forest_fort_small_6, layout_loops_ring, serial_shops,
          shop
D:2:      layout_rooms, kennysheep_flooded_box, nicolae_twisty_statue_hallways
D:3:      layout_basic, mainiacjoe_overflow_big_doors,
          mainiacjoe_overflow_alcove_4, shapermc_ecumenical_altar_totnotflames
D:4:      layout_loops_cross, nicolae_overflow_macrodata_refinement,
          uniq_duvessa, uniq_natasha
D:5:      layout_basic, old_standard_altar, makhleb_altar_promises_db,
          minmay_temple_entry_ruins, gammafunk_ghost_cemetery,
          chequers_serial_rivers_micro_a, minmay_misc_feat_plants,
          uniq_crazy_yiuf_cottage, uniq_sigmund, uniq_menkaure
D:6:      layout_cave_pools, mainiacjoe_overflow_six_doors_small,
          mainiacjoe_overflow_paths, hellmonk_no_cap
D:7:      layout_loops_corners, tso_metal_star
D:8:      layout_layer_cave
D:9:      layout_stronghold, mainiacjoe_overflow_alcove_1,
          lemuel_coloured_pillars_altar, kennysheep_orc_monster_closet_entryway,
          chequers_garden, nicolae_diode_quadrants
D:10:     layout_roguey, david_lair_shrubbed
Temple:   nicolae_temple_colour_theory
Lair:1:   layout_loops_ring

Skill      XL: |  1  2  3  4  5  6  7  8  9 10 11 |
---------------+----------------------------------+-----
Shields        | 4 5 7 8 9 10 | 10.7
Fighting       | 4 5 6 8 9 10 | 10.6
Armour         | 4 5 6 8 9 10 | 10.6
Maces & Flails | 3 4 5 7 8 9 |  9.5

Action                     |  1- 3 |  4- 6 |  7- 9 | 10-12 || total
---------------------------+-------+-------+-------+-------++-------
  Melee: Flail             |    80 |   169 |   327 |    50 ||   626
         Morningstar       |       |       |       |   267 ||   267
  Evoke: Wand              |       |     6 |     6 |    12 ||    24
    Use: Scroll            |       |       |    17 |     4 ||    21
         Potion            |       |       |       |     2 ||     2
   Stab: Invisible         |       |     1 |       |       ||     1
         Distracted        |       |       |       |     2 ||     2
 Armour: Scale mail        |    75 |   170 |   353 |   323 ||   921
  Dodge: Dodged            |    32 |   108 |   212 |   121 ||   473
         Repelled          |       |       |       |     2 ||     2
  Block: Buckler           |    19 |    36 |    93 |    93 ||   241

Table legend: (Time is in decaauts)
 A = Elapsed time spent in this place.
 B = Non-inter-level travel time spent in this place.
 C = Inter-level travel time spent in this place.
 D = Time resting spent in this place.
 E = Time spent auto-exploring this place.
 F = Levels seen in this place.
 G = Mean time per level.
                   A        B        C        D        E       F      G
               +--------+--------+--------+--------+--------+-----+--------+
         Total |  11982 |  11231 |    751 |   1919 |   7336 |  12 |  998.5 |
       Dungeon |  11962 |  11212 |    750 |   1919 |   7330 |  10 | 1196.2 |
        Temple |     15 |     15 |      0 |      0 |      6 |   1 |   15.0 |
          Lair |      5 |      5 |      0 |      0 |      0 |   1 |    5.0 |
               +--------+--------+--------+--------+--------+-----+--------+

Top non-repeatable levels by time:
     D:9: 1769 daAuts
     D:8: 1621 daAuts
     D:5: 1617 daAuts
    D:10: 1476 daAuts
     D:3: 1095 daAuts
     D:1: 1089 daAuts
     D:7: 999 daAuts
     D:4: 899 daAuts
     D:6: 863 daAuts
     D:2: 529 daAuts
  Temple: 15 daAuts
  Lair:1: 5 daAuts
